 Dungeon Crawl Stone Soup version 0.18.1-47-g9310371 (webtiles) character file.

140 sarahorange the Magician (level 5, -7/28 HPs)
             Began as a Deep Elf Wizard on June 19, 2016.
             Was a Follower of Zin.
             Killed from afar by an orc wizard (11 damage)
             ... with a magic dart
             ... on level 3 of the Dungeon.
             The game lasted 00:31:07 (3761 turns).

sarahorange the Magician (Deep Elf Wizard)          Turns: 3761, Time: 00:31:07

Health: -7/28      AC:  5    Str:  4    XL:     5   Next: 2%
Magic:  7/15       EV: 13    Int: 24    God:    Zin [*.....]
Gold:   84         SH:  0    Dex: 13    Spells: 4 memorised, 8 levels left

rFire  . . .     SeeInvis .     m - +0 dagger
rCold  . . .     Gourm    .     a - +0 robe
rNeg   . . .     Faith    .     (no shield)
rPois  .         Spirit   .     b - +0 hat
rElec  .         Dismiss  .     f - +2 cloak
rCorr  .         Reflect  .     (no gloves)
SustAt .         Harm     .     (no boots)
MR     .....                    (no amulet)
Stlth  ++........               (no ring)
                                (no ring)

@: very slightly contaminated, not resistant to hostile enchantments, unstealthy
A: no striking features
a: Recite, Donate Gold, Renounce Religion


You were on level 3 of the Dungeon.
You worshipped Zin.
Zin was aware of your devotion.
You were not hungry.

You visited 1 branch of the dungeon, and saw 4 of its levels.

You collected 187 gold pieces.
You donated 103 gold pieces to Zin.

Inventory:

Hand Weapons
 m - a +0 dagger (weapon)
Missiles
 n - 90 stones (quivered)
Armour
 a - a +0 robe (worn)
 b - a +0 hat (worn)
 f - a +2 cloak (worn)
 t - a +0 robe
Jewellery
 x - an uncursed ring of flight
Scrolls
 e - 3 scrolls of remove curse
 g - 2 scrolls of random uselessness {unknown}
 h - a scroll of teleportation {unknown}
 i - a scroll of amnesia
 o - a scroll of fear {unknown}
 s - a scroll of noise {unknown}
 y - a scroll of identify
 A - 2 scrolls of magic mapping {unknown}
Potions
 k - a potion of might
 l - a potion of resistance {unknown}
 p - a potion of agility
 q - a potion of curing
 r - a potion of cancellation
 u - a potion of cure mutation {unknown}
 v - a potion of mutation {unknown}
 z - a potion of degeneration {unknown}
Books
 c - a book of Minor Magic

   Spells                             Type                      Level
   a - Magic Dart                     Conjuration                  1
   b - Blink                          Translocation                2
   c - Call Imp                       Summoning                    2
   d - Repel Missiles                 Charms/Air                   2
   e - Slow                           Hexes                        2
   f - Conjure Flame                  Conjuration/Fire             3
   g - Mephitic Cloud                 Conjuration/Poison/Air       3
Comestibles
 d - 5 bread rations
 w - 5 fruits


   Skills:
 + Level 0.2 Fighting
 + Level 3.2 Dodging
 + Level 3.2 Stealth
 + Level 6.1 Spellcasting
 + Level 2.6 Conjurations
   Level 1.1 Summonings
 + Level 1.2 Translocations
 + Level 0.4 Fire Magic


You had 8 spell levels left.
You knew the following spells:

 Your Spells              Type           Power        Failure   Level  Hunger
a - Magic Dart            Conj           ###.         2%          1    None
b - Blink                 Tloc           N/A          10%         2    None
c - Conjure Flame         Conj/Fire      ##......     14%         3    #......
d - Slow                  Hex            #.......     12%         2    None


Dungeon Overview and Level Annotations

Branches:
Dungeon (4/15)
 Temple: D:4-7

Altars:
Gozag
Zin

Annotations:
D:3 sarahorange's ghost, amateur GrMo


Message History

Confirm with . or Enter, or press ? or * to list all spells.
Aiming: Conjure Flame
Press: ? - help, Dir - move target cursor The fire roars!
You hear some strange, mumbled words.
A puff of frost appears from out of thin air!
You hear a sizzling sound!
Something hits you but does no damage. Something hits you.
There is a stone staircase leading up here.
Something hits you but does no damage.
You climb upwards.
Level annotation: sarahorange's ghost, amateur GrMo
There is a stone staircase leading down here.
You hear some strange, mumbled words.
A puff of flame appears from out of thin air!
The puff of flame hits you!
* * * LOW HITPOINT WARNING * * *
A magic dart appears from out of thin air!
The magic dart hits you!
You die...

.....##.# #.#......#
...#....# #........#
........# ##.......#
..........# #.#######
..........# #.#
..........# #.#
..........# #.##
...#.......# #..#
..##.......# #@.# ..#
...)... ####.##
#.##.......##..{.#
...............###
...............#
.......###.#.########
....#### #.#.#......##
....### #...........##
......######..........#


There were no monsters in sight!

Vanquished Creatures
  A hound (D:4)
  5 adders
  An ooze (D:2)
  A worm (D:3)
  A dart slug (D:1)
  A giant gecko (D:2)
  2 orcs (D:4)
  10 bats
  A bat zombie (D:1)
  5 giant cockroaches
  2 hobgoblins
  6 jackals
  A quokka (D:3)
  5 goblins
  A jackal skeleton (D:4)
  A jackal zombie (D:1)
  2 kobolds (D:1)
  8 rats
54 creatures vanquished.

Notes
Turn   | Place    | Note
--------------------------------------------------------------
     0 | D:1      | sarahorange the Deep Elf Wizard began the quest for the Orb.
     0 | D:1      | Reached XP level 1. HP: 10/10 MP: 7/7
   450 | D:1      | Reached skill level 5 in Spellcasting
   561 | D:1      | Reached XP level 2. HP: 15/15 MP: 5/10
   565 | D:1      | Learned a level 2 spell: Blink
  1345 | D:2      | Reached XP level 3. HP: 15/19 MP: 1/12
  2074 | D:3      | Noticed sarahorange's ghost (amateur GrMo)
  2100 | D:2      | Learned a level 3 spell: Conjure Flame
  2103 | D:2      | Learned a level 2 spell: Slow
  2578 | D:3      | Reached XP level 4. HP: 23/24 MP: 9/13
  3005 | D:3      | Reached skill level 6 in Spellcasting
  3218 | D:4      | Found a glowing silver altar of Zin.
  3219 | D:4      | Found an opulent altar of Gozag.
  3231 | D:4      | Became a worshipper of Zin the Law-Giver
  3231 | D:4      | Reached * piety under Zin
  3233 | D:4      | Donated 85 gold pieces to Zin
  3663 | D:4      | Reached XP level 5. HP: 28/28 MP: 8/15
  3761 | D:3      | Killed from afar by an orc wizard

Skill      XL: |  1  2  3  4 |
---------------+-------------+-----
Spellcasting   | 5 6 |  6.1
Dodging        | 3 |  3.2
Conjurations   | 2 |  2.6
Stealth        | 3 |  3.2
Fighting       | |  0.2
Summonings     | |  1.1
Translocations | |  1.2
Fire Magic     | |  0.4

Action                   |  1- 3 |  4- 6 || total
-------------------------+-------+-------++-------
Throw: Stone             |       |    12 ||    12
 Cast: Magic Dart        |   108 |    50 ||   158
       Blink             |     1 |     3 ||     4
       Slow              |     1 |     1 ||     2
       Conjure Flame     |       |    12 ||    12
Invok: Donate Gold       |       |     1 ||     1
  Use: Potion            |     1 |     4 ||     5
       Scroll            |     4 |       ||     4
  Eat: Chunk             |     2 |     2 ||     4
       Fruit             |     2 |     1 ||     3
       Pizza             |     1 |       ||     1
Armor: Robe              |     4 |     1 ||     5
Dodge: Dodged            |    16 |     3 ||    19
